 Dungeon Crawl Stone Soup version 0.24-a0-250-g6074511 (webtiles) character file.

Game seed: 3360320655612855605

158 Hasart the Caller (level 5, -3/28 HPs)
             Began as a Kobold Summoner on Apr 14, 2019.
             Killed from afar by an orc wizard (5 damage)
             ... with a puff of frost
             ... on level 3 of the Dungeon.
             The game lasted 00:12:33 (4198 turns).

Hasart the Caller (Kobold Summoner)                 Turns: 4198, Time: 00:12:34

Health: -3/28      AC: 12    Str:  5    XL:     5   Next: 67%
Magic:  6/9        EV: 16    Int: 17    God:
Gold:   106        SH:  0    Dex: 16    Spells: 0/10 levels left

rFire    . . .     SeeInvis .   n - +2 dagger (speed)
rCold    . . .     Gourm    .   (shield restricted)
rNeg     . . .     Faith    .   a - +0 robe
rPois    .         Spirit   .   e - +1 helmet
rElec    .         Reflect  .   m - +0 cloak
rCorr    .         Harm     .   (no gloves)
MR       +....                  f - +1 pair of boots
Stlth    ++........             (no amulet)
HPRegen  0.09/turn              q - +5 ring of protection
MPRegen  0.11/turn              l - ring of protection from magic

@: no status effects
A: small, carnivore
a: no special abilities


You were on level 3 of the Dungeon.
You were completely stuffed.

You visited 1 branch of the dungeon, and saw 3 of its levels.

You collected 106 gold pieces.

Inventory:

Hand Weapons
 j - a +0 spear
 n - a +2 dagger of speed (weapon)
Armour
 a - a +0 robe (worn)
 e - a +1 helmet (worn)
 f - a +1 pair of boots (worn)
 m - a +0 cloak (worn)
Jewellery
 g - an uncursed ring of positive energy
 l - a ring of protection from magic (right hand)
 q - a +5 ring of protection (left hand)
Scrolls
 b - 4 scrolls of remove curse
 d - 2 scrolls of identify
 h - 2 scrolls of fear {unknown}
 k - a scroll of blinking {unknown}
 o - a scroll of teleportation {unknown}
Potions
 i - a potion of heal wounds
Comestibles
 c - 3 rations
 p - 3 chunks of flesh


   Skills:
 + Level 3.7 Dodging
 - Level 2.6 Stealth
 + Level 3.2 Spellcasting
 + Level 5.2 Summonings
 * Level 1.3 Air Magic


You couldn't memorise any spells.
You knew the following spells:

 Your Spells              Type           Power        Failure   Level  Hunger
a - Summon Small Mammal   Summ           ###.         1%          1    None
b - Call Imp              Summ           ###.....     3%          2    ##.....
c - Call Canine Familiar  Summ           ###.....     6%          3    ###....
d - Summon Lightning Spi  Summ/Air       ##......     41%         4    ####...

Your spell library contained the following spells:

 Spells                   Type           Power        Failure   Level  Hunger
 Summon Guardian Golem    Hex/Summ       ##......     17%         3    ###....
 Summon Ice Beast         Ice/Summ       ##......     50%         4    ####...


Dungeon Overview and Level Annotations

Branches:
Dungeon (3/15)

Altars:
Dithmenos
Qazlal


Innate Abilities, Weirdness & Mutations

You are small and have problems with some larger weapons.
You are carnivorous and can eat meat at any time.


Message History

The orc wizard flickers and vanishes!
Deactivating autopickup; reactivate with Ctrl-A.
A puff of frost appears from out of thin air!
The puff of frost hits your hound!
Your hound dies!
Your hound's corpse disappears in a puff of smoke!
Things that are here:
a +0 leather armour; a stone; an orc corpse A puff of frost appears from out of thin air!
The puff of frost misses you. The orc barely misses you. x2
The orc hits you from afar with a +0 trident.
* * * LOW HITPOINT WARNING * * *
A puff of frost appears from out of thin air!
The puff of frost misses you.
There is a stone staircase leading up here.
You hear some strange, mumbled words.
A puff of frost appears from out of thin air!
The puff of frost hits you.
You die...

#........######..#
###...w...#####.###
#..^............#
#.......#.......#
##.....##.......#
##...###.oo....#
##### #.......#
#.......# #.@.....#
#########


You could see 2 orcs.

Vanquished Creatures
  3 adders (D:3)
  A leopard gecko (D:3)
  6 orcs (D:3)
  A ball python (D:1)
  2 giant cockroaches
  5 goblins
  3 hobgoblins
  2 jackals (D:2)
  3 kobolds
  2 quokkas
  4 bats
  2 frilled lizards
  6 rats
40 creatures vanquished.

Vanquished Creatures (collateral kills)
  2 orc wizards
  2 gnolls (D:2)
  An adder (D:2)
  2 oozes
  A worm (D:2)
  2 dart slugs
  3 leopard geckos
  8 orcs (D:3)
  2 giant cockroaches (D:1)
  7 goblins
  4 hobgoblins
  A kobold (D:3)
  3 bats
  3 rats
41 creatures vanquished.

Grand Total: 81 creatures vanquished

Notes
Turn   | Place    | Note
-------+----------+-------------------------------------------
     0 | D:1      | Hasart the Kobold Summoner began the quest for the Orb.
     0 | D:1      | Reached XP level 1. HP: 10/10 MP: 3/3
   374 | D:1      | Reached XP level 2. HP: 3/15 MP: 3/5
   383 | D:1      | Learned a level 2 spell: Call Imp
  1694 | D:2      | Reached XP level 3. HP: 19/19 MP: 6/6
  1992 | D:1      | Learned a level 3 spell: Call Canine Familiar
  2845 | D:2      | Found a stormy altar of Qazlal.
  2884 | D:2      | Found a shadowy altar of Dithmenos.
  2970 | D:2      | Reached XP level 4. HP: 22/24 MP: 0/8
  3578 | D:2      | Reached skill level 5 in Summonings
  3810 | D:3      | Reached XP level 5. HP: 28/28 MP: 7/9
  3822 | D:3      | Learned a level 4 spell: Summon Lightning Spire
  3950 | D:3      | Reached skill level 1 in Air Magic
  4198 | D:3      | Killed from afar by an orc wizard

Levels and vault maps discovered:
D:1:      lemuel_arrival_tunnels, layout_basic
D:2:      layout_loops_ring, nicolae_qazlal_general_emergency,
          nicolae_overflow_crystal_walls, minmay_tromino_mix6
D:3:      layout_rooms, yredelemnul_forgotten_temple_becter, first_ration

Skill      XL: |  1  2  3  4  5 |
---------------+----------------+-----
Dodging        | 3 |  3.7
Spellcasting   | 3 |  3.2
Summonings     | 5 |  5.2
Air Magic      | 1 |  1.3
Stealth        | |  2.6

Action                   |  1- 3 |  4- 6 || total
-------------------------+-------+-------++-------
Melee: Dagger            |   270 |   101 ||   371
       Unarmed           |    21 |    23 ||    44
       Spear             |       |    12 ||    12
 Cast: Summon Small Mamm |     4 |       ||     4
       Call Imp          |    10 |     4 ||    14
       Call Canine Famil |     7 |    10 ||    17
  Use: Scroll            |     3 |       ||     3
 Stab: Sleeping          |     8 |     1 ||     9
       Distracted        |     1 |     2 ||     3
  Eat: Chunk             |    16 |     6 ||    22
Armor: Robe              |    94 |    26 ||   120
Dodge: Dodged            |   358 |   121 ||   479

Table legend:
 A = Non-vault XP
 B = Vault XP
 C = Vault XP percentage of total XP
 D = Non-vault monster count
 E = Vault monster count
 F = Vault count percentage of total count
                 A         B        C        D         E       F
            +---------+---------+-------+---------+---------+-------
      Total |     217 |      10 |   4.4 |      77 |       4 |   4.9
            +---------+---------+-------+---------+---------+-------
        D:1 |      31 |       0 |   0.0 |      19 |       0 |   0.0
        D:2 |      75 |      10 |  11.8 |      26 |       4 |  13.3
        D:3 |     111 |       0 |   0.0 |      32 |       0 |   0.0
            +---------+---------+-------+---------+---------+-------
